 Dungeon Crawl Stone Soup version 0.27.1-33-g824d729ab1 (webtiles) character file.

Game seed: 3450914658993496086

106 sking99 the Cudgeller (level 4, 0/29 HPs)
             Began as a Gargoyle Monk on Dec 8, 2021.
             Slain by Grinder (6 damage)
             ... on level 3 of the Dungeon.
             The game lasted 00:03:28 (3410 turns).

sking99 the Cudgeller (Gargoyle Monk)               Turns: 3410, Time: 00:03:29

Health: 0/29       AC:  7    Str: 15    XL:     4   Next: 84%
Magic:  4/4        EV: 12    Int: 11    God:
Gold:   84         SH:  0    Dex: 12    Spells: 3/3 levels left

rFire    . . .     SeeInvis .   a - +1 mace
rCold    . . .     Faith    .   (no shield)
rNeg     + . .     Spirit   .   j - +0 leather armour
rPois    ∞         Reflect  .   (no helmet)
rElec    +         Harm     .   i - +0 cloak
rCorr    .         Rampage  .   (no gloves)
Will     .....                  (no boots)
Stlth    ++........             (no amulet)
HPRegen  0.09/turn              (no ring)
MPRegen  0.09/turn              (no ring)

@: no status effects
A: sickness immunity, AC +3, negative energy resistance 1, electricity
resistance, torment resistance 1, petrification resistance
a: no special abilities


You were on level 3 of the Dungeon.
You visited 1 branch of the dungeon, and saw 3 of its levels.

You collected 84 gold pieces.

Inventory:

Hand Weapons
 a - a +1 mace (weapon)
Armour
 b - a +0 robe
 i - a +0 cloak (worn)
 j - a +0 leather armour (worn)
Jewellery
 k - an amulet of the acrobat
Potions
 c - a potion of mutation
 d - a potion of might
 e - a potion of ambrosia {unknown}


   Skills:
 + Level 4.3 Fighting
 * Level 4.7 Maces & Flails
 - Level 2.4 Dodging
 - Level 2.1 Stealth


You had 3 spell levels left.
You didn't know any spells.
Your spell library contained the following spells:

 Spells                   Type           Power      Damage    Failure   Level
 Wereblood                Tmut           0%         N/A       54%         2
 Summon Hydra             Summ           0%         N/A       100%        7
 Sublimation of Blood     Necr           Unusable   N/A       N/A         2

Dungeon Overview and Level Annotations

Branches:
Dungeon (3/15)

Altars:
Ashenzari

Annotations:
D:3 Grinder


Innate Abilities, Weirdness & Mutations

You are immune to sickness and miasma.
Your stone body is resilient. (AC +3)
You are immune to poison.
You resist negative energy. (rN+)
You are resistant to electric shocks. (rElec)
You are resistant to unholy torment.
You are immune to petrification.


Message History

d - a potion of might
As you read the scroll labelled LAOWO VUTYNUDU, it crumbles to dust.
It is a scroll of enchant weapon.
Your +0 mace glows red for a moment.
As you read the scroll labelled XEN SAUGATUOGYX, it crumbles to dust.
It is a scroll of amnesia.
You feel forgetful for a moment.
Found 10 gold pieces.
Found an escape hatch in the ceiling.
You now have 84 gold pieces (gained 10).
A hobgoblin comes into view.
The hobgoblin shouts!
You hear a shout!
The hobgoblin barely misses you.
You hear a shout!
You closely miss the hobgoblin.
The hobgoblin hits you but does no damage.
A goblin comes into view. It is wielding a +0 dagger.
You thump the hobgoblin!
You kill the hobgoblin!
Grinder comes into view.
She is carrying a wand of flame (16).
The goblin barely misses you.
You thump the goblin!
You kill the goblin!
Grinder gestures at you.
You suddenly lose the ability to move!
You can move again.
Unknown command.
You closely miss Grinder.
Grinder zaps a wand.
The puff of flame hits you.
You hit Grinder.
Grinder is lightly wounded.
Grinder hits you.
You writhe in agony.
Grinder closely misses you.
You hit Grinder but do no damage.
Grinder is lightly wounded.
Grinder hits you!
* * * LOW HITPOINT WARNING * * *
You writhe in agony.
* * * LOW HITPOINT WARNING * * *
Unknown command.
Grinder hits you.
You die...

#........<#
.######.#######
........#......
.######...#
##..# #..# .
##.# ..
########.###.##
#......#@.....#
#......5.#..#
#..#.#...# #
#....#.#...#
######.#.....
..#.<..##
.##..#... ..
...#.... ..
..##....


You could see Grinder.

Vanquished Creatures
  An orc priest (D:2)
  2 adders
  A worm (D:2)
  A dart slug (D:1)
  4 orcs
  2 ball pythons (D:1)
  3 bats (D:1)
  8 endoplasms
  A giant cockroach (D:1)
  3 goblins
  5 hobgoblins
  6 jackals
  2 quokkas
  2 kobolds (D:2)
  A rat (D:2)
42 creatures vanquished.

Notes
Turn   | Place    | Note
-------+----------+-------------------------------------------
     0 | D:1      | sking99 the Gargoyle Monk began the quest for the Orb.
     0 | D:1      | Reached XP level 1. HP: 14/14 MP: 1/1
   534 | D:1      | Reached XP level 2. HP: 19/19 MP: 2/2
  1229 | D:1      | Reached XP level 3. HP: 20/24 MP: 3/3
  1963 | D:1      | Reached XP level 4. HP: 20/29 MP: 4/4
  2204 | D:2      | Found a faded altar of an unknown god.
  2464 | D:2      | Found a broken altar of Ashenzari.
  3402 | D:3      | Noticed Grinder
  3404 | D:3      | Paralysed by Grinder for 2 turns
  3410 | D:3      | Slain by Grinder

Illustrated notes

Levels and vault maps discovered:
D:1:      lemuel_arrival_muddy, layout_loops_cross
D:2:      layout_basic, chequers_ecumenical_altar_simple, basic_altar,
          minmay_tripent
D:3:      layout_basic, gup_sewer_entry_bowl, minmay_misc_feat_nine_boxes,
          uniq_grinder

Skill      XL: |  1  2  3 |
---------------+----------+-----
Maces & Flails | 4 |  4.7
Fighting       | 4 |  4.3
Dodging        | |  2.4
Stealth        | |  2.1

Action                   |  1- 3 |  4- 6 || total
-------------------------+-------+-------++-------
Melee: Mace              |   110 |    51 ||   161
  Use: Scroll            |       |     4 ||     4
 Stab: Sleeping          |     7 |     2 ||     9
       Distracted        |     1 |       ||     1
Armor: Robe              |    34 |     4 ||    38
       Leather armour    |       |     8 ||     8
Dodge: Dodged            |    77 |    19 ||    96
